 Dungeon Crawl Stone Soup version 0.28-a0-1213-g0243856f03 (webtiles) character file.

Game seed: 4796330929073799685

67 kipponium the Grasshopper (level 4, 0/36 (38) HPs)
             Began as a Gnoll Warper on Dec 21, 2021.
             Was an Initiate of Zin.
             Slain by Crazy Yiuf (6 damage)
             ... on level 2 of the Dungeon.
             The game lasted 00:04:25 (1720 turns).

kipponium the Grasshopper (Gnoll Warper)            Turns: 1720, Time: 00:04:25

HP:   0/36 (38)     AC:  1    Str:  9 (10) XL:     4   Next: 16%
MP:   10/12         EV: 14    Int:  9 (12) God:    Zin [......]
Gold: 18            SH:  0    Dex: 18 (20) Spells: 7/13 levels left

rFire   . . .      SeeInvis .   a - +0 short sword
rCold   . . .      Faith    .   (no shield)
rNeg    . . .      Spirit   .   b - +0 leather armour
rPois   .          Reflect  .   (no helmet)
rElec   .          Harm     .   (no cloak)
rCorr   .          Rampage  .   (no gloves)
Will    .....                   (no boots)
Stlth   ++........              (no amulet)
HPRegen 0.12/turn               k - +6 ring of dexterity
MPRegen 0.13/turn               (no ring)

@: lethally poisoned (0 -> -1), drained, invisible
A: fangs 1, strong nose, distributed training, deformed body, high mp 1, sense
surroundings 1
a: Renounce Religion, Donate Gold


You were on level 2 of the Dungeon.
You worshipped Zin.
Zin was noncommittal.
You visited 1 branch of the dungeon, and saw 2 of its levels.

You collected 20 gold pieces.
You donated 2 gold pieces to Zin.

Inventory:

Hand Weapons
 a - a +0 short sword (weapon)
Missiles
 d - 5 boomerangs of dispersal
 g - 7 stones
Armour
 b - a +0 leather armour (worn)
Jewellery
 k - a +6 ring of dexterity (left hand)
Scrolls
 c - a scroll of blinking
 f - a scroll of brand weapon {unknown}
Potions
 e - a potion of degeneration
 h - 2 potions of mutation
 i - a potion of invisibility
 j - a potion of resistance {unknown}


   Skills:
 + Level 4.6 Fighting
 + Level 4.6 Short Blades
 + Level 1.0 Long Blades
 + Level 1.0 Axes
 + Level 1.0 Maces & Flails
 + Level 1.0 Polearms
 + Level 1.0 Staves
 + Level 1.0 Slings
 + Level 1.0 Bows
 + Level 1.0 Crossbows
 + Level 2.7 Throwing
 + Level 2.7 Armour
 + Level 4.6 Dodging
 + Level 1.0 Stealth
 + Level 1.0 Shields
 + Level 1.0 Unarmed Combat
 + Level 5.0 Spellcasting
 + Level 0.8 Conjurations
 + Level 0.8 Hexes
 + Level 0.8 Summonings
 + Level 0.8 Necromancy
 + Level 5.4 Translocations
 + Level 0.8 Transmutations
 + Level 0.8 Fire Magic
 + Level 0.8 Ice Magic
 + Level 0.8 Air Magic
 + Level 0.8 Earth Magic
 + Level 0.8 Poison Magic
 + Level 1.1 Invocations
 + Level 1.0 Evocations


You had 7 spell levels left.
You knew the following spells:

 Your Spells              Type           Power      Damage    Failure   Level
a - Blink                 Tloc           24%        N/A       5%          2
b - Sandblast             Erth           6%         2d5       24%         1
c - Gell's Gravitas       Tloc           12%        N/A       11%         3

Your spell library contained the following spells:

 Spells                   Type           Power      Damage    Failure   Level
 Lesser Beckoning         Tloc           12%        N/A       11%         3
 Teleport Other           Tloc           12%        N/A       11%         3
 Passwall                 Tmut/Erth      2%         N/A       34%         2
 Stone Arrow              Conj/Erth      6%         3d7       56%         3
 Manifold Assault         Tloc           12%        N/A       69%         5


Dungeon Overview and Level Annotations

Branches:
Dungeon (2/15)

Altars:
Zin

Annotations:
D:2 Crazy Yiuf


Innate Abilities, Weirdness & Mutations

You have very sharp teeth.
Your uncanny sense of smell can sniff out nearby items.
Your experience applies equally to all skills.
Armour fits poorly on your strangely shaped body.
You have an increased reservoir of magic. (+10% MP)
You passively map a small area around you.


Message History

Crazy Yiuf is heavily wounded.
Crazy Yiuf hits you with a +2 quarterstaff of chaos.
You are poisoned.
You hit Crazy Yiuf but do no damage. You bite Crazy Yiuf, but do no damage.
Crazy Yiuf is heavily wounded.
You feel sick.
Crazy Yiuf hits you with a +2 quarterstaff of chaos!
You feel drained.
You hit Crazy Yiuf.
Crazy Yiuf is heavily wounded.
You feel sick.
Crazy Yiuf screams, "Two!"
Crazy Yiuf misses you.
You barely miss Crazy Yiuf.
Crazy Yiuf is heavily wounded.
You feel sick. Crazy Yiuf misses you.
You barely miss Crazy Yiuf.
Crazy Yiuf is heavily wounded.
You feel sick.
Crazy Yiuf hits you with a +2 quarterstaff of chaos.
* * * LOW HITPOINT WARNING * * *
You feel sick.
Your magical contamination has completely faded away.
You see here a +0 mace.
It was a potion of mutation.
You feel extremely strange.
You feel more energetic.
You feel a strange attunement to the structure of the dungeons.
Your body twists and deforms.
Zin forgives your inadvertent chaotic act, just this once.
You feel sick. Crazy Yiuf closely misses you.
It was a potion of degeneration.
There was something very wrong with that liquid.
You feel weakened.
You feel dopey.
You feel clumsy.
You feel sick. Crazy Yiuf closely misses you.
It was a potion of invisibility.
You fade into invisibility!
You feel sick.
Crazy Yiuf twirls on the spot.
Crazy Yiuf hits you with a +2 quarterstaff of chaos.
You die...

#.##############
##. #.# #. #.#
##### #. #.#
#).)# #. #.#
#)))# #. #.# )))
#. #.# #'# ##
#.# ♣g♣♣ #.#
♣♣@♣ #.# ♣)♣♣
#.# ♣♣)♣ #.#
♣♣)♣♣ #.# ♣♣..)♣
#.# ♣.PP.♣ #.#
#....#
#.####....#
#........##


You could see Crazy Yiuf.

Vanquished Creatures
  2 adders (D:2)
  An adder skeleton (D:2)
  An adder zombie (D:2)
  A worm (D:2)
  3 dart slugs (D:1)
  2 bats (D:1)
  2 endoplasms (D:1)
  2 giant cockroaches (D:1)
  3 goblins (D:1)
  5 hobgoblins
  A kobold (D:2)
  3 ball pythons
  A ball python zombie (D:2)
  4 frilled lizards
  4 rats
35 creatures vanquished.

Notes
Turn   | Place    | Note
-------+----------+-------------------------------------------
     0 | D:1      | kipponium the Gnoll Warper began the quest for the Orb.
     0 | D:1      | Reached XP level 1. HP: 20/20 MP: 6/6
   218 | D:1      | Reached XP level 2. HP: 26/26 MP: 7/7
   346 | D:1      | Learned a level 2 spell: Blink
   348 | D:1      | Learned a level 1 spell: Sandblast
   727 | D:1      | Reached XP level 3. HP: 28/31 MP: 9/9
   905 | D:1      | Reached skill level 5 in Spellcasting
  1234 | D:2      | Reached skill level 1 in Invocations
  1345 | D:2      | Learned a level 3 spell: Gell's Gravitas
  1486 | D:2      | Reached skill level 1 in Long Blades
  1486 | D:2      | Reached skill level 1 in Axes
  1486 | D:2      | Reached skill level 1 in Maces & Flails
  1486 | D:2      | Reached skill level 1 in Polearms
  1486 | D:2      | Reached skill level 1 in Staves
  1486 | D:2      | Reached skill level 1 in Slings
  1486 | D:2      | Reached skill level 1 in Bows
  1486 | D:2      | Reached skill level 1 in Crossbows
  1486 | D:2      | Reached skill level 1 in Stealth
  1486 | D:2      | Reached skill level 1 in Shields
  1486 | D:2      | Reached skill level 1 in Unarmed Combat
  1486 | D:2      | Reached skill level 1 in Evocations
  1514 | D:2      | Found a glowing silver altar of Zin.
  1540 | D:2      | Reached XP level 4. HP: 38/38 MP: 11/11
  1552 | D:2      | Became a worshipper of Zin the Law-Giver
  1704 | D:2      | Found a runed translucent door.
  1705 | D:2      | Noticed Crazy Yiuf
  1718 | D:2      | Gained mutation: You have an increased reservoir of magic.
                  | (+10% MP) [potion of mutation]
  1718 | D:2      | Gained mutation: You passively map a small area around you.
                  | [potion of mutation]
  1718 | D:2      | Gained mutation: Armour fits poorly on your strangely
                  | shaped body. [potion of mutation]
  1720 | D:2      | Slain by Crazy Yiuf

Illustrated notes

Levels and vault maps discovered:
D:1:      lightli_arrival_windingriver, layout_rooms
D:2:      layout_basic, shapermc_ecumenical_altar_mp_vishouse, basic_altar,
          serial_undead, serial_undead_e, serial_undead_f, serial_undead_e,
          serial_undead_a, serial_undead_e, serial_undead_c,
          minmay_crystal_water, st_stairs_9, uniq_crazy_yiuf_cottage

Skill      XL: |  1  2  3 |
---------------+----------+-----
Spellcasting   | 5 |  5.0
Invocations    | 1 |  1.1
Long Blades    | 1 |  1.0
Axes           | 1 |  1.0
Maces & Flails | 1 |  1.0
Polearms       | 1 |  1.0
Staves         | 1 |  1.0
Slings         | 1 |  1.0
Bows           | 1 |  1.0
Crossbows      | 1 |  1.0
Stealth        | 1 |  1.0
Shields        | 1 |  1.0
Unarmed Combat | 1 |  1.0
Evocations     | 1 |  1.0
Fighting       | |  4.6
Short Blades   | |  4.6
Throwing       | |  2.7
Armour         | |  2.7
Dodging        | |  4.6
Conjurations   | |  0.8
Hexes          | |  0.8
Summonings     | |  0.8
Necromancy     | |  0.8
Translocations | |  5.4
Transmutations | |  0.8
Fire Magic     | |  0.8
Ice Magic      | |  0.8
Air Magic      | |  0.8
Earth Magic    | |  0.8
Poison Magic   | |  0.8

Action                   |  1- 3 |  4- 6 || total
-------------------------+-------+-------++-------
Melee: Short sword       |   129 |    17 ||   146
       Bite              |     9 |     3 ||    12
 Cast: Sandblast         |     6 |     3 ||     9
  Use: Potion            |       |     3 ||     3
 Stab: Sleeping          |     1 |       ||     1
Armor: Leather armour    |    21 |     2 ||    23
Dodge: Dodged            |    61 |    13 ||    74

Table legend: (Time is in decaauts)
 A = Elapsed time spent in this place.
 B = Non-inter-level travel time spent in this place.
 C = Inter-level travel time spent in this place.
 D = Time resting spent in this place.
 E = Time spent auto-exploring this place.
 F = Levels seen in this place.
 G = Mean time per level.
                   A        B        C        D        E       F      G
               +--------+--------+--------+--------+--------+-----+--------+
         Total |   1704 |   1675 |     29 |    689 |    627 |   2 |  852.0 |
       Dungeon |   1704 |   1675 |     29 |    689 |    627 |   2 |  852.0 |
               +--------+--------+--------+--------+--------+-----+--------+

Top non-repeatable levels by time:
     D:1: 1053 daAuts
     D:2: 651 daAuts
